 Dungeon Crawl Stone Soup version 0.19.0-16-g73b5abf (webtiles) character file.

471 Aksej the Slasher (level 6, -6/43 HPs)
             Began as a Demonspawn Fighter on Nov 11, 2016.
             Killed from afar by an orc wizard (11 damage)
             ... with a puff of flame
             ... on level 4 of the Dungeon.
             The game lasted 00:12:50 (4403 turns).

Aksej the Slasher (Demonspawn Fighter)              Turns: 4403, Time: 00:12:50

Health: -6/43      AC:  5    Str: 16    XL:     6   Next: 83%
Magic:  6/6        EV: 11    Int: 15    God:
Gold:   144        SH:  0    Dex: 13    Spells: 0 memorised, 5 levels left

rFire  . . .     SeeInvis .     a - +0 long sword
rCold  . . .     Gourm    +     l - +0 leather armour
rNeg   . . .     Faith    .     (no shield)
rPois  .         Spirit   .     (helmet restricted)
rElec  .         Reflect  .     n - +1 cloak
rCorr  .         Harm     .     (no gloves)
MR     .....                    (no boots)
Stlth  +.........               e - amulet of the gourmand
                                (no ring)
                                t - +6 ring of intelligence

@: very slightly contaminated
A: antennae 1, fangs 1, clumsy 1, demonic guardian 1, frail 1, powered by pain
1, wild magic 1
a: no special abilities


You were on level 4 of the Dungeon.
You were very full.

You visited 1 branch of the dungeon, and saw 4 of its levels.

You collected 144 gold pieces.

Inventory:

Hand Weapons
 a - a +0 long sword (weapon)
Missiles
 r - 3 tomahawks (quivered)
Armour
 l - a +0 leather armour (worn)
 n - a +1 cloak (worn)
 v - a +2 helmet
Jewellery
 c - a cursed ring of flight {unknown}
 e - an amulet of the gourmand (around neck)
 i - an uncursed amulet of regeneration
 t - a +6 ring of intelligence (left hand)
Wands
 o - a wand of confusion (22/48)
Scrolls
 k - a scroll of identify
Potions
 j - 2 potions of curing {unknown}
Comestibles
 b - 2 chunks of flesh
 f - 4 bread rations
 g - 3 beef jerkies
 h - a royal jelly
 p - 3 meat rations


   Skills:
 + Level 4.0 Fighting
 * Level 5.2 Long Blades
 + Level 3.6 Armour
 + Level 1.4 Dodging
 + Level 1.2 Stealth
   Level 2.6 Shields


You had 5 spell levels left.
You didn't know any spells.

Dungeon Overview and Level Annotations

Branches:
Dungeon (4/15)
 Temple: D:4-7

Altars:

Shops:
D:4 *


Innate Abilities, Weirdness & Mutations

A weak demonic guardian rushes to your aid.
You sometimes gain a little power by taking damage.
You have a pair of small antennae on your head.
You have very sharp teeth.
You are clumsy. (Dex -2)
You are frail. (-10% HP)
Your spells are a little harder to cast, but a little more powerful.


Message History

You are very lightly contaminated with residual magic.
As you read the scroll of blinking, it crumbles to dust.
Something disappears in a puff of smoke!
You start resting.
The orc throws a stone.
The stone hits you but does no damage.
You see here a stone.
The orc hits you but does no damage.
You closely miss the orc. The orc hits you but does no damage.
You barely miss the orc. The orc closely misses you.
You hit the orc but do no damage. The orc hits you with a club.
* * * LOW HITPOINT WARNING * * *
You hit the orc.
The orc is heavily wounded.
The orc barely misses you.
You hit the orc.
You kill the orc!
You hear some strange, mumbled words.
A puff of flame appears from out of thin air!
The puff of flame hits you!
You die...

#.........######...##.#
#.........# ###.##.#
#.........# #.....
#.........##### #.##.#
#.............# #.#...
#.............## #.#.#.
#..............###.#...
###.....>5...............
#.......@){.....####<....
#.##.#.(##o###### ####.#
#.#.....##{###### #.#
#.#..#.###......#######.#
#......###..###.........#
#.............#..≈...§..#
#.#.#.#####...#.........#
#.#...........#....∩....#
#.###.#####........§....#


You could see an orc priest and a friendly white imp.

Vanquished Creatures
  The ghost of Hanibal the Charlatan, an amateur KoAr of Nemelex Xobeh (D:3)
  An ogre (D:4)
  A sky beast (D:4)
  An orc priest (D:3)
  Ijyb (D:2)
  Robin (D:3)
  2 gnolls (D:2)
  5 adders
  2 worms (D:3)
  3 dart slugs
  2 leopard geckos
  4 orcs
  3 ball pythons
  6 bats
  4 giant cockroaches
  17 goblins
  12 hobgoblins
  3 jackals (D:4)
  9 kobolds
  4 quokkas
  5 frilled lizards
  A leopard gecko skeleton (D:4)
  A quokka skeleton (D:4)
  11 rats
100 creatures vanquished.

Vanquished Creatures (collateral kills)
  An orc wizard (D:3)
  A gnoll (D:2)
  An orc (D:3)
  A jackal (D:4)
  A quokka (D:2)
5 creatures vanquished.

Grand Total: 105 creatures vanquished

Notes
Turn   | Place    | Note
-------+----------+-------------------------------------------
     0 | D:1      | Aksej the Demonspawn Fighter began the quest for the Orb.
     0 | D:1      | Reached XP level 1. HP: 18/18 MP: 1/1
    97 | D:1      | Reached skill level 2 in Long Blades
   227 | D:1      | Gained mutation: A weak demonic guardian rushes to your aid. [demonic ancestry]
   227 | D:1      | Reached XP level 2. HP: 22/24 MP: 2/2
   763 | D:2      | Reached XP level 3. HP: 29/29 MP: 3/3
   881 | D:2      | Noticed Ijyb
   893 | D:2      | Killed Ijyb
  1204 | D:2      | Reached XP level 4. HP: 34/35 MP: 4/4
  1401 | D:2      | Reached skill level 3 in Long Blades
  2512 | D:3      | Noticed Robin
  2533 | D:3      | Killed Robin
  2533 | D:3      | Gained mutation: You sometimes gain a little power by taking damage. [demonic ancestry]
  2533 | D:3      | Reached XP level 5. HP: 13/41 MP: 5/5
  2923 | D:3      | Reached skill level 1 in Stealth
  2933 | D:3      | Reached skill level 4 in Long Blades
  3361 | D:3      | Noticed Hanibal's ghost (amateur KoAr)
  3374 | D:3      | Killed Hanibal's ghost
  3374 | D:3      | Reached skill level 1 in Dodging
  3374 | D:3      | Reached XP level 6. HP: 37/48 MP: 6/6
  3598 | D:3      | Gained mutation: You have very sharp teeth. [potion of mutation]
  3598 | D:3      | Gained mutation: You have a pair of small antennae on your head. [potion of mutation]
  3598 | D:3      | Gained mutation: You are frail. (-10% HP) [potion of mutation]
  3842 | D:4      | Reached skill level 5 in Long Blades
  3888 | D:4      | Noticed a sky beast
  3900 | D:4      | Killed a sky beast
  4096 | D:4      | Gained mutation: You are clumsy. (Dex -2) [mutagenic meat]
  4097 | D:4      | Gained mutation: Your spells are a little harder to cast, but a little more powerful. [mutagenic meat]
  4098 | D:4      | Gained mutation: Scrolls take you a little longer to read. [mutagenic meat]
  4099 | D:4      | Lost mutation: Scrolls take you a little longer to read. [mutagenic meat]
  4266 | D:4      | Found Dinlecra's Elemental Accessories.
  4403 | D:4      | Killed from afar by an orc wizard

Skill      XL: |  1  2  3  4  5  6 |
---------------+-------------------+-----
Long Blades    | 2 3 4 5 |  5.2
Armour         | 3 |  3.6
Stealth        | 1 |  1.2
Dodging        | 1 |  1.4
Fighting       | 4 |  4.0
Shields        | |  2.6

Action                   |  1- 3 |  4- 6 || total
-------------------------+-------+-------++-------
Melee: Long sword        |    94 |   240 ||   334
       Bite              |       |     2 ||     2
  Use: Scroll            |     8 |     6 ||    14
       Potion            |     2 |     7 ||     9
 Stab: Sleeping          |     1 |     1 ||     2
       Distracted        |       |     3 ||     3
  Eat: Chunk             |     6 |    21 ||    27
Armor: Scale mail        |     8 |       ||     8
       Leather armour    |    24 |    82 ||   106
Dodge: Dodged            |    45 |   157 ||   202
       Rpst.: Long sword |    16 |    48 ||    64
